 Dungeon Crawl Stone Soup version 0.29-a0-323-g050149af67 (webtiles) character file.

Game seed: 11425399033270336420

246760 freelancePsychic the Warrior (level 19, -12/172 HPs)
             Began as a Pale Draconian Wanderer on Apr 11, 2022.
             Was the Champion of Cheibriados.
             Mangled by a snapping turtle (14 damage)
             ... on level 4 of the Shoals.
             The game lasted 01:35:28 (51454 turns).

freelancePsychic the Warrior (DrWn)                Turns: 51454, Time: 01:35:28

Health: -12/172    AC: 21    Str: 32    XL:     19   Next: 20%
Magic:  8/44       EV: 11    Int: 36    God:    Cheibriados [******]
Gold:   486        SH:  0    Dex: 28    Spells: 13/43 levels left

rFire   + + .      SeeInvis .   d - staff of air
rCold   + . .      Faith    .   B - +5 kite shield {AC+3}
rNeg    . . .      Spirit   .   (body armour unavailable)
rPois   +          Reflect  .   R - +2 hat {Int+3}
rElec   +          Harm     .   w - +2 cloak {Stlth+}
rCorr   .          Rampage  .   T - -5 pair of gloves of Sloth {rPois Will+++ Regen+ MP+9}
Will    +++..                   y - +2 pair of boots {Fly}
Stlth   +++++.....              u - amulet "Xyderef" {rF++ Will- Regen+ Str+2 Stlth+}
HPRegen 1.98/turn               c - ring of protection from cold
MPRegen 0.29/turn               U - +4 ring of protection

@: short of breath, spiked, flying, held, very slow
A: breathe steam, AC +10, unfitting armour, cold-blooded, steam resistance
}: 1/15 runes: serpentine
a: Breathe Steam, Renounce Religion, Bend Time, Temporal Distortion, Slouch,
Step From Time


You were on level 4 of the Shoals.
You worshipped Cheibriados.
Cheibriados was exalted by your worship.
You visited 6 branches of the dungeon, and saw 32 of its levels.
You visited 1 bazaar.
You also visited: Gauntlet.

You collected 4313 gold pieces.
You spent 3827 gold pieces at shops.

Inventory:

Hand Weapons
 Y - a +9 eveningstar of venom
Missiles
 h - 41 poisoned darts
 J - 6 throwing nets
Armour
 w - a +2 cloak of stealth (worn)
 y - a +2 pair of boots of flying (worn)
 B - a +5 kite shield of protection (worn)
 R - a +2 hat of intelligence (worn)
 T - the -5 pair of gloves of Sloth (worn) {rPois Will+++ Regen+ MP+9}
   (You bought it in a shop on level 2 of the Orcish Mines)

   rPois:     It protects you from poison.
   MP:        It affects your magic capacity (+9).
   Regen:     It increases your rate of health regeneration.
   Will:      It greatly increases your willpower.
Magical Staves
 d - a staff of air (weapon)
Jewellery
 c - a ring of protection from cold (left hand)
 g - a ring of poison resistance
 u - the amulet "Xyderef" (around neck) {rF++ Will- Regen+ Str+2 Stlth+}
   (You bought it in a shop in a bazaar)

   [amulet of regeneration]

   Str:       It affects your strength (+2).
   rF:        It greatly protects you from fire.
   Regen:     It increases your rate of health regeneration.
   Will:      It decreases your willpower.
   Stlth:     It makes you more stealthy.
 D - a ring of fire
 G - a ring of protection from fire
 Q - the ring "Jarepn" {rPois rF- Will+ Int+6}
   (You found it on level 1 of the Lair of Beasts)

   [ring of intelligence]

   Int:       It affects your intelligence (+6).
   rF:        It makes you vulnerable to fire.
   rPois:     It protects you from poison.
   Will:      It increases your willpower.
 U - a +4 ring of protection (right hand)
Wands
 e - a wand of flame (75)
 j - a wand of paralysis (11)
 m - a wand of digging (25)
 A - a wand of iceblast (5)
 C - a wand of polymorph (20)
 N - a wand of acid (12)
 O - a wand of mindburst (9)
 W - a wand of charming (7)
Scrolls
 i - 6 scrolls of immolation
 l - 3 scrolls of blinking
 n - a scroll of holy word
 q - a scroll of torment
 r - 5 scrolls of identify {@r1}
 s - 12 scrolls of teleportation {@r4}
 E - 4 scrolls of amnesia
 I - 3 scrolls of fog
 K - 3 scrolls of fear
 M - 4 scrolls of silence
 P - 4 scrolls of summoning
 Z - a scroll of enchant weapon
Potions
 a - 3 potions of magic
 f - 9 potions of might
 k - 5 potions of attraction
 p - 4 potions of brilliance
 t - 8 potions of degeneration
 v - 4 potions of lignification
 x - 6 potions of cancellation
 z - 11 potions of mutation
 F - 15 potions of curing {@q1}
 H - 7 potions of ambrosia
 S - 5 potions of flight
 V - 5 potions of heal wounds {@q2}
 X - 3 potions of resistance
Miscellaneous
 b - a condenser vane


   Skills:
 - Level 16.0 Fighting
 - Level 1.1 Short Blades
 - Level 0.2(3.8) Polearms
 - Level 6.3 Staves
 - Level 0.3 Throwing
 + Level 10.3 Dodging
 - Level 1.7 Stealth
 - Level 13.8 Shields
 + Level 12.6 Spellcasting
 - Level 15.0 Conjurations
 - Level 5.9 Necromancy
 - Level 14.1 Air Magic
 - Level 7.0 Earth Magic
 + Level 5.1 Invocations
 - Level 5.0 Evocations


You had 13 spell levels left.
You knew the following spells:

 Your Spells              Type           Power      Damage    Failure   Level
a - Orb of Destruction    Conj           46%        9d12      6%          7
b - Stone Arrow           Conj/Erth      100%       3d13      1%          3
c - Conjure Ball Lightni  Conj/Air       56%        3x3d20    1%          6
d - Airstrike             Air            56%        N/A       1%          4
e - Sandblast             Erth           100%       2d20      1%          1
f - Borgnjor's Vile Clut  Necr/Erth      31%        N/A       6%          5
g - Dispel Undead         Necr           60%        3d21      2%          4

Your spell library contained the following spells:

 Spells                   Type           Power      Damage    Failure   Level
 Magic Dart               Conj           100%       1d8       0%          1
 Shock                    Conj/Air       100%       1d9       0%          1
 Foxfire                  Conj/Fire      100%       2x1d9     1%          1
 Corpse Rot               Necr/Air       100%       N/A       1%          2
 Passwall                 Tmut/Erth      40%        N/A       1%          2
 Sublimation of Blood     Necr           60%        N/A       1%          2
 Conjure Flame            Conj/Fire      67%        6-21      1%          3
 Mephitic Cloud           Conj/Pois/Air  95%        N/A       1%          3
 Swiftness                Air            100%       N/A       1%          3
 Flame Wave               Conj/Fire      67%        2d12      1%          4
 Fulminant Prism          Conj/Hex       33%        3d16      1%          4
 Iskenderun's Mystic Bla  Conj/Tloc      67%        2d14      1%          4
 Sticky Flame             Conj/Fire      67%        2d8       1%          4
 Freezing Cloud           Conj/Ice/Air   47%        6-21      1%          5
 Iskenderun's Battlesphe  Conj           92%        2d14      1%          5
 Animate Dead             Necr           30%        N/A       2%          4
 Apportation              Tloc           44%        N/A       3%          1
 Beastly Appendage        Tmut           44%        N/A       3%          1
 Summon Small Mammal      Summ           88%        N/A       3%          1
 Blink                    Tloc           44%        N/A       4%          2
 Call Imp                 Summ           22%        N/A       4%          2
 Ensorcelled Hibernation  Hex/Ice        44%        N/A       4%          2
 Fireball                 Conj/Fire      33%        3d14      4%          5
 Lee's Rapid Deconstruct  Erth           32%        3d18*     4%          5
 Call Canine Familiar     Summ           22%        N/A       10%         3
 Confusing Touch          Hex            22%        N/A       10%         3
 Gell's Gravitas          Tloc           22%        N/A       10%         3
 Ignite Poison            Fire/Tmut/Pois 22%        N/A       10%         3
 Inner Flame              Hex/Fire       22%        N/A       10%         3
 Lesser Beckoning         Tloc           22%        N/A       10%         3
 Ozocubu's Armour         Ice            22%        N/A       10%         3
 Summon Guardian Golem    Hex/Summ       22%        N/A       10%         3
 Teleport Other           Tloc           22%        N/A       10%         3
 Starburst                Conj/Fire      33%        6d10      24%         6
 Summon Ice Beast         Ice/Summ       22%        N/A       32%         4
 Death Channel            Necr           30%        N/A       41%         6
 Alistair's Intoxication  Tmut/Pois      14%        N/A       67%         5
 Manifold Assault         Tloc           22%        N/A       67%         5
 Metabolic Englaciation   Hex/Ice        11%        N/A       67%         5
 Yara's Violent Unravell  Hex/Tmut       11%        3d6       67%         5
 Simulacrum               Ice/Necr       22%        N/A       83%         6
 Dispersal                Tloc           11%        N/A       99%         6
 Enfeeble                 Hex            11%        N/A       100%        7
 Ignition                 Fire           11%        3d5       100%        8


Dungeon Overview and Level Annotations

Branches:
Dungeon (15/15)            Temple (1/1) D:4            Lair (6/6) D:10
 Shoals (4/4) Lair:2        Snake (4/4) Lair:3        Slime (0/5) Lair:5
    Orc (2/2) D:9             Elf (0/3) Orc:2        Vaults (0/5) D:14
 Depths (0/4) D:15        Gauntlet (visited)

Altars:
Ashenzari
Cheibriados
Dithmenos
Elyvilon
Fedhas
Gozag
Hepliaklqana
Kikubaaqudgha
Makhleb
Nemelex Xobeh
Okawaru
Qazlal
Ru
Sif Muna
Trog
Uskayaw
Vehumet
Wu Jian
Xom
Yredelemnul
Zin
The Shining One
Beogh

Shops:
D:3 *   D:6 *   D:8 !   Orc:1 *   Orc:2 ![((   Shoals:1 =   Shoals:3 **[(*
Snake:4 ([=

Annotations:
D:3 2 transporters, experimilk's ghost, amateur OgGl
D:13 2 transporters, tygarin's ghost, journeyman MiFi
Shoals:3 6 transporters


Innate Abilities, Weirdness & Mutations

You can breathe blasts of scalding, opaque steam.
Your pale cyan-grey scales are hard. (AC +10)
You cannot fit into any form of body armour.
You are cold-blooded and may be slowed by cold attacks.
You are immune to the effects of steam.


Message History

* * * LOW HITPOINT WARNING * * *
The manticore claws you but does no damage. x2
The snapping turtle bites you from afar.
* * * LOW HITPOINT WARNING * * *
The water elemental closely misses you.
You cannot read scrolls while unable to breathe!
You feel much better.
* * * LOW HITPOINT WARNING * * *
Your lungs strain for air!
The merfolk hits you but does no damage.
The sea snake bites you!
* * * LOW HITPOINT WARNING * * *
The manticore bites you but does no damage.
The manticore claws you.
* * * LOW HITPOINT WARNING * * *
The manticore closely misses you.
The snapping turtle bites you from afar!
* * * LOW HITPOINT WARNING * * *
The water elemental hits you.
Aiming: Breathe Steam (1% risk of failure)
Press: ? - help, Shift-Dir - straight line, f - water elemental
Aim: a water elemental (almost destroyed, 84% to hit)
You exhale a blast of scalding steam.
The ball of steam hits the water elemental!
You destroy the water elemental!
Cheibriados appreciates the change of pace.
You gasp with relief as air once again reaches your lungs.
The ball of steam hits the merfolk!
The merfolk is heavily wounded.
The sea snake bites you but does no damage.
The merfolk is engulfed in a cloud of scalding steam.
The merfolk hits you from afar with a +0 trident!
* * * LOW HITPOINT WARNING * * *
The manticore bites you but does no damage.
The manticore claws you.
* * * LOW HITPOINT WARNING * * *
The manticore closely misses you.
The sea snake bites you but does no damage.
The snapping turtle bites you from afar!
You die...

...≈≈≈)≈≈≈≈≈..##
#######≈≈≈≈≈≈≈≈...##
##≈≈≈≈≈##≈≈≈≈≈≈≈...# ≈≈
#≈#....≈##≈≈≈≈≈≈.(.# ≈≈≈
≈#[.≈≈..≈#≈P≈≈≈≈...#
≈≈≈#≈..≈#≈#..#≈≈≈≈≈....#
≈≈≈#≈.≈##≈≈.)#≈≈t†m....#
≈≈≈#≈.≈≈≈≈...#≈≈H§≈....##
≈≈≈#≈≈≈#≈≈.#.#≈≈@S)≈.)..#
≈≈≈##≈≈≈≈≈#.#≈≈()≈≈≈≈≈≈.#
≈≈≈≈##≈≈≈≈.#≈)≈≈)≈≈≈≈≈≈.#
≈≈≈≈≈######≈≈≈≈≈)≈≈≈≈≈≈...
≈≈≈≈≈≈≈≈.≈≈≈≈≈≈≈≈≈≈≈≈≈≈≈...
≈≈≈≈≈≈≈..≈≈≈≈≈≈≈≈≈≈≈≈≈≈≈≈.≈
...≈≈#######≈≈≈≈≈≈≈≈≈≈≈≈≈≈≈
...≈## ##≈≈≈≈≈≈≈≈≈≈≈..
.≈≈## ##..≈≈.......


You could see a sea snake, a snapping turtle, a merfolk and a manticore.

Vanquished Creatures
  Saint Roka (Orc:2)
  Vashnia (Snake:3)
  Nikola (Snake:3)
  A kraken (Shoals:1)
  Gastronok (Lair:2)
  A tengu reaver (D:14)
  6 nagarajas (Snake:4)
  2 eleionomae (Shoals:2)
  Nessos (Lair:6)
  A minotaur (Gauntlet)
  An ettin (D:14)
  2 merfolk javelineers (Shoals:3)
  A fire dragon (D:15)
  22 naga warriors
  A boulder beetle (D:12)
  6 merfolk impalers
  A rakshasa (D:13)
  Harold (D:9)
  7 hydras
  An ice dragon (D:15)
  3 salamander tyrants
  A merfolk aquamancer (Shoals:3)
  An alligator snapping turtle (Shoals:4)
  An ogre mage (D:14)
  6 anacondas
  4 catoblepae (Lair:6)
  4 satyrs
  11 two-headed ogres
  11 centaur warriors
  3 merfolk avatars
  4 death yaks (Lair:6)
  2 death knights
  2 tengu warriors
  Urug (Lair:4)
  6 shock serpents
  3 orc high priests (Orc:2)
  A deep elf knight (D:13)
  Sonja (D:13)
  18 naga sharpshooters
  A fire crab (Gauntlet)
  Lodul (D:10)
  4 salamander mystics
  5 skeletal warriors
  6 naga ritualists
  17 sea snakes
  2 orange crystal statues
  A wizard (D:14)
  2 lindwurms (Lair:4)
  A deep elf archer (D:14)
  8 mana vipers
  2 deep elf zephyrmancers (D:14)
  2 orc knights
  7 deep elf pyromancers
  12 salamanders
  17 manticores
  18 ugly things
  13 fauns (Shoals:2)
  6 cyclopes
  A moth of wrath (Lair:4)
  5 guardian serpents
  14 water nymphs
  10 merfolk sirens
  35 black mambas
  17 elephants
  19 naga magi
  A demonic crawler (Lair:4)
  2 unseen horrors
  4 rime drakes
  12 cane toads
  A kobold demonologist (D:14)
  9 komodo dragons
  An efreet (D:14)
  2 tengu conjurers
  A queen bee (shapeshifter) (D:13)
  8 trolls
  32 merfolk
  5 wind drakes
  2 hornets (Lair:4)
  7 polar bears
  Grinder (D:5)
  15 blink frogs
  4 snapping turtles
  3 slime creatures (D:14)
  A centaur simulacrum (D:15)
  2 shadows
  10 water elementals
  4 wraiths
  39 yaks
  3 fire bats (Gauntlet)
  Grum (D:11)
  4 wyverns
  A hog (shapeshifter) (D:14)
  4 basilisks
  2 steam dragons
  5 humans (D:6)
  5 wargs
  4 vampire mosquitoes (D:12)
  37 nagas
  10 swamp worms
  3 acid dragons
  23 water moccasins
  A swamp drake (Orc:1)
  An ice beast (D:7)
  8 black bears
  37 orc warriors
  2 sky beasts
  9 centaurs
  10 wolves
  12 ogres
  5 kobold brigands
  A necrophage (D:6)
  23 bullfrogs
  4 gnoll sergeants
  6 scorpions
  3 wights (D:8)
  9 killer bees
  12 howler monkeys
  A crimson imp (Orc:1)
  6 jellies
  4 hounds
  11 orc priests
  An iron imp (Orc:1)
  4 gnoll shamans
  2 iguanas (D:5)
  19 orc wizards
  6 hell rats
  6 adders
  26 gnolls
  2 shadow imps
  A white imp (Orc:1)
  2 worms
  A dart slug (D:5)
  90 orcs
  5 endoplasms
  A giant cockroach (D:2)
  5 goblins
  3 hobgoblins
  2 jackals (D:9)
  20 kobolds
  2 ball pythons
  3 bats
  3 frilled lizards
  5 rats
  13 briar patches (Lair:1)
  2 tentacles (Shoals:1)
1025 creatures vanquished.

Vanquished Creatures (collateral kills)
  A naga (Snake:2)
  17 ball lightnings
18 creatures vanquished.

Vanquished Creatures (others)
  A shock serpent (Snake:2)
  2 orc wizards (Orc:1)
  603 ball lightnings
  64 fungi
  252 plants
  2 tentacles (Shoals:1)
924 creatures vanquished.

Grand Total: 1967 creatures vanquished

Notes
Turn   | Place    | Note
-------+----------+-------------------------------------------
     0 | D:1      | freelancePsychic the Draconian Wanderer began the quest for
                  | the Orb.
     0 | D:1      | freelancePsychic set off with the following items: a +1
                  | dagger, 2 atropa-tipped darts, a datura-tipped dart, a
                  | potion of curing {@q1}; and the following spells available
                  | to memorise: Sublimation of Blood, Corpse Rot
     0 | D:1      | Reached XP level 1. HP: 22/22 MP: 2/2
   269 | D:1      | Reached skill level 1 in Short Blades
   382 | D:1      | Reached XP level 2. HP: 28/28 MP: 3/3
  1044 | D:2      | Learned a level 1 spell: Sandblast
  1187 | D:2      | Reached XP level 3. HP: 34/34 MP: 4/4
  1208 | D:2      | Reached skill level 1 in Conjurations
  1294 | D:2      | Reached skill level 1 in Earth Magic
  1679 | D:2      | Identified the +7 dagger of Ascent {speed, rPois rF+ Int+3}
  2128 | D:3      | Found Zululop's Assorted Antiques.
  2138 | D:3      | Bought a scroll labelled VEFASTR GUKH for 28 gold pieces
  2138 | D:3      | Bought a scroll labelled VEFASTR GUKH for 28 gold pieces
  2140 | D:3      | Found a transporter.
  2187 | D:3      | Found a transporter.
  2197 | D:3      | Noticed experimilk's ghost (amateur OgGl)
  2218 | D:3      | Reached XP level 4. HP: 41/41 MP: 6/6
  2258 | D:3      | Noticed an ogre
  2263 | D:3      | Killed an ogre
  2264 | D:3      | Reached XP level 5. HP: 37/47 MP: 6/8
  2357 | D:3      | Learned a level 3 spell: Stone Arrow
  2662 | D:3      | Found a faded altar of an unknown god.
  2758 | D:4      | Found a hazy altar of Hepliaklqana.
  2859 | D:4      | Noticed an ogre
  2900 | D:4      | Killed an ogre
  2997 | D:4      | Found a staircase to the Ecumenical Temple.
  3076 | D:4      | Found a burning altar of Makhleb.
  3127 | Temple   | Entered the Ecumenical Temple
  3254 | Temple   | Became a worshipper of Cheibriados the Contemplative
  3451 | D:5      | Entered Level 5 of the Dungeon
  3581 | D:5      | Reached XP level 6. HP: 53/53 MP: 7/10
  3972 | D:5      | Noticed an ice beast
  4160 | D:5      | Noticed Grinder
  4166 | D:5      | Killed Grinder
  4167 | D:5      | Your scales start taking on a pale cyan-grey colour.
  4167 | D:5      | Reached XP level 7. HP: 47/60 MP: 2/13
  4167 | D:5      | Gained mutation: You are immune to the effects of steam.
                  | [Pale Draconian growth]
  4314 | D:5      | Reached skill level 1 in Air Magic
  4616 | D:5      | Reached * piety under Cheibriados
  4670 | D:5      | Reached XP level 8. HP: 55/67 MP: 1/15
  5005 | D:5      | Reached skill level 5 in Conjurations
  5140 | D:5      | Reached skill level 5 in Spellcasting
  5976 | D:6      | Reached skill level 5 in Air Magic
  5981 | D:6      | Reached XP level 9. HP: 49/72 MP: 2/18
  6102 | D:6      | Found Qagrycot's Assorted Antiques.
  6107 | D:6      | Bought a scroll of teleportation for 72 gold pieces
  6107 | D:6      | Bought a cloak for 108 gold pieces
  6827 | D:6      | Found an ornate altar of the Wu Jian Council.
  7189 | D:7      | Reached ** piety under Cheibriados
  7435 | D:7      | Found a bloodstained altar of Trog.
  7616 | D:7      | Reached skill level 1 in Shields
  8043 | D:8      | Noticed a troll
  8047 | D:8      | Killed a troll
  8264 | D:8      | Found Ecreom's Distillery.
  8267 | D:8      | Bought a potion of brilliance for 48 gold pieces
  9045 | D:9      | Reached XP level 10. HP: 80/80 MP: 9/21
  9272 | D:9      | Found a staircase to the Orcish Mines.
  9391 | D:9      | Reached *** piety under Cheibriados
  9800 | D:9      | Noticed Harold
  9811 | D:9      | Killed Harold
 10454 | D:9      | Reached **** piety under Cheibriados
 10727 | D:10     | Entered Level 10 of the Dungeon
 11037 | D:10     | Noticed a two-headed ogre
 11164 | D:10     | Reached XP level 11. HP: 85/85 MP: 19/23
 11244 | D:10     | Noticed Lodul
 11252 | D:10     | Noticed a two-headed ogre
 11252 | D:10     | Noticed a two-headed ogre
 11287 | D:10     | Noticed a two-headed ogre
 11291 | D:10     | Killed a two-headed ogre
 11294 | D:10     | Noticed a two-headed ogre
 11298 | D:10     | Killed a two-headed ogre
 11301 | D:10     | Killed Lodul
 11708 | D:10     | Noticed a two-headed ogre
 11711 | D:10     | Killed a two-headed ogre
 11712 | D:10     | Reached skill level 10 in Conjurations
 11712 | D:10     | Reached skill level 10 in Air Magic
 11791 | D:10     | Found a staircase to the Lair.
 11849 | D:10     | Noticed a two-headed ogre
 11854 | D:10     | Killed a two-headed ogre
 11872 | D:10     | Killed a two-headed ogre
 11873 | D:10     | Reached skill level 5 in Fighting
 11981 | D:10     | Killed a two-headed ogre
 12217 | D:10     | Noticed a skeletal warrior
 12243 | D:10     | Killed a skeletal warrior
 12344 | D:10     | Killed a two-headed ogre
 12396 | D:10     | Reached ***** piety under Cheibriados
 12805 | D:11     | Noticed a death knight
 12847 | D:11     | Killed a death knight
 13111 | D:11     | Learned a level 6 spell: Conjure Ball Lightning
 13245 | D:11     | Noticed a white ugly thing
 13249 | D:11     | Noticed a two-headed ogre
 13255 | D:11     | Killed a two-headed ogre
 13256 | D:11     | Reached skill level 6 in Fighting
 13256 | D:11     | Reached XP level 12. HP: 72/96 MP: 7/25
 13588 | D:11     | Noticed a six-headed hydra
 13591 | D:11     | Killed a six-headed hydra
 13805 | D:11     | Reached skill level 10 in Spellcasting
 14030 | D:11     | Noticed Grum
 14034 | D:11     | Killed Grum
 14303 | Lair:1   | Entered Level 1 of the Lair of Beasts
 14583 | Lair:1   | Found a transporter.
 14608 | Lair:1   | Found a transporter.
 14675 | Lair:1   | Identified the ring "Jarepn" {rPois rF- Will+ Int+6}
 14994 | Lair:1   | Found the necklace of Bloodlust {*Rage Will++ Int-3 Slay+6}
 15813 | Lair:2   | Reached skill level 7 in Fighting
 17169 | Lair:2   | Noticed Gastronok
 17187 | Lair:2   | Killed Gastronok
 17188 | Lair:2   | Reached skill level 8 in Fighting
 18015 | Lair:2   | Found a staircase to the Shoals.
 18127 | Lair:3   | Reached ****** piety under Cheibriados
 18130 | Lair:3   | Reached XP level 13. HP: 66/108 MP: 15/27
 18692 | Lair:3   | Found a staircase to the Snake Pit.
 18823 | Lair:3   | Reached skill level 5 in Dodging
 18836 | Lair:3   | Reached skill level 9 in Fighting
 20169 | Lair:4   | Reached skill level 5 in Shields
 20577 | Lair:4   | Learned a level 4 spell: Airstrike
 21350 | Lair:4   | Noticed Urug
 21354 | Lair:4   | Killed Urug
 22014 | Lair:4   | Reached skill level 10 in Fighting
 22568 | Lair:5   | Identified the +2 arbalest of the Volcano {flame, Drain
                  | rElec rPois rF+ rN+}
 23533 | Lair:5   | Found a staircase to the Slime Pits.
 23759 | Lair:5   | Learned a level 7 spell: Orb of Destruction
 23763 | Lair:6   | Entered Level 6 of the Lair of Beasts
 23767 | Lair:6   | Noticed Nessos
 23771 | Lair:6   | Killed Nessos
 24192 | Lair:6   | Reached XP level 14. HP: 101/122 MP: 15/28
 25318 | Lair:6   | Reached skill level 11 in Fighting
 26858 | Orc:1    | Entered Level 1 of the Orcish Mines
 27528 | Orc:1    | Found Siozaqow's Assorted Antiques.
 27588 | Orc:2    | Entered Level 2 of the Orcish Mines
 27891 | Orc:2    | Noticed Saint Roka
 28099 | Orc:2    | Killed Saint Roka
 28100 | Orc:2    | Reached skill level 12 in Fighting
 28461 | Orc:2    | Found Voti's Antique Weapon Shop.
 28747 | Orc:2    | Found a staircase to the Elven Halls.
 28759 | Orc:2    | Found Owegisch's Distillery.
 29515 | Orc:2    | Found Tides's Antique Armour Boutique.
 29517 | Orc:2    | Found Qufyamu's Antique Weapon Shop.
 29530 | Orc:2    | Bought a pair of bloodstained gloves for 237 gold pieces
 29530 | Orc:2    | Identified the -5 pair of gloves of Sloth {rPois Will+++
                  | Regen+ MP+9} (You bought it in a shop on level 2 of the
                  | Orcish Mines)
 29558 | Orc:2    | Reached skill level 1 in Staves
 30447 | D:12     | Reached skill level 1 in Evocations
 30730 | D:12     | Reached XP level 15. HP: 84/132 MP: 26/29
 31222 | D:13     | Noticed Sonja
 31230 | D:13     | Killed Sonja
 31287 | D:13     | Noticed tygarin's ghost (journeyman MiFi)
 31288 | D:13     | Found a transporter.
 31289 | D:13     | Found a transporter.
 31289 | D:13     | Identified the +2 great mace "Higaroo" {vorpal, Fragile
                  | Str+3 Int+6}
 31789 | D:13     | You fall into a shaft and drop 1 floor!
 31809 | D:14     | Found a gate leading to a gauntlet.
 31815 | Gauntlet | Entered a Gauntlet
 31815 | Gauntlet | Found a transporter.
 31815 | Gauntlet | Found a transporter.
 31825 | Gauntlet | Found a transporter.
 31828 | Gauntlet | Found a transporter.
 31836 | Gauntlet | Found a transporter.
 31839 | Gauntlet | Found a transporter.
 31848 | Gauntlet | Found a transporter.
 31865 | Gauntlet | Found a transporter.
 31871 | Gauntlet | Found a transporter.
 31873 | Gauntlet | Found a transporter.
 31883 | Gauntlet | Found a transporter.
 31927 | Gauntlet | Found the +7 Spriggan's Knife {stab, EV+4 Stlth+}
 31932 | Gauntlet | Found a transporter.
 32003 | Gauntlet | Learned a level 5 spell: Borgnjor's Vile Clutch
 32100 | Gauntlet | Identified the +7 trident "Qoehom" {vorpal, rElec Str-3
                  | Dex+4 Stlth+}
 32614 | D:14     | Reached skill level 5 in Earth Magic
 32615 | D:14     | Reached skill level 5 in Staves
 32935 | D:14     | Found a gate to the Vaults.
 33081 | D:14     | Noticed a tengu reaver
 33084 | D:14     | Killed a tengu reaver
 33892 | D:14     | Found the +12 pair of quick blades "Gyre" and "Gimble"
                  | {protect}
 33897 | D:14     | Got Sif Muna's Compendium of Congealing Transformation
 34683 | D:15     | Entered Level 15 of the Dungeon
 34702 | D:15     | Reached skill level 5 in Necromancy
 35038 | D:15     | Found a staircase to the Depths.
 35646 | D:15     | Reached XP level 16. HP: 37/139 MP: 6/30
 35919 | D:15     | Reached skill level 5 in Evocations
 36398 | Snake:1  | Entered Level 1 of the Snake Pit
 37323 | Snake:1  | Reached XP level 17. HP: 148/148 MP: 31/31
 37353 | Snake:1  | Reached skill level 10 in Shields
 37388 | Snake:1  | Reached skill level 13 in Fighting
 38604 | Snake:2  | Found an ancient bone altar of Kikubaaqudgha.
 39711 | Snake:2  | Identified the +7 whip "Fyrphut" {vorpal, rPois Dex+3}
 40273 | Snake:3  | Reached skill level 14 in Fighting
 40984 | Snake:3  | Noticed Nikola
 41156 | Snake:3  | Noticed Vashnia
 41359 | Snake:3  | Killed Nikola
 41515 | Snake:3  | Killed Vashnia
 42042 | Snake:4  | Entered Level 4 of the Snake Pit
 42088 | Snake:4  | Found Nefal's Weapon Shoppe.
 42499 | Snake:4  | Reached XP level 18. HP: 125/161 MP: 24/32
 43088 | Snake:4  | Found Nojen's Armour Shoppe.
 43372 | Snake:4  | Found Osaehoa's Assorted Antiques.
 43432 | Snake:4  | Found Tust's Jewellery Emporium.
 44388 | Snake:4  | Reached skill level 15 in Fighting
 44636 | Snake:4  | Got a serpentine rune of Zot
 44934 | Snake:4  | Found a gateway to a bazaar.
 44970 | Bazaar   | Entered a bazaar
 45003 | Bazaar   | Found Utwist's Assorted Antiques.
 45011 | Bazaar   | Bought a scroll of enchant armour for 262 gold pieces
 45011 | Bazaar   | Bought a scroll labelled UTUTOU BEDAI for 35 gold pieces
 45113 | Bazaar   | Found Pafos's Jewellery Emporium.
 45121 | Bazaar   | Bought the amulet "Xyderef" {rF++ Will- Regen+ Str+2
                  | Stlth+} for 859 gold pieces
 45155 | Bazaar   | Found Rewomm's Assorted Antiques.
 45163 | Bazaar   | Bought a slimy golden amulet for 125 gold pieces
 45163 | Bazaar   | Identified the amulet of Incredulity {Faith Regen+ Dex-4
                  | Slay+2} (You bought it in a shop in a bazaar)
 45165 | Bazaar   | Bought a runed scarf for 200 gold pieces
 45165 | Bazaar   | Bought a scroll of summoning for 237 gold pieces
 45285 | Bazaar   | Found Milufic's Jewellery Emporium.
 45757 | D:8      | Bought a potion of brilliance for 48 gold pieces
 45757 | D:8      | Bought a potion of brilliance for 48 gold pieces
 45757 | D:8      | Bought a potion of curing for 36 gold pieces
 45757 | D:8      | Bought a potion of heal wounds for 60 gold pieces
 45757 | D:8      | Bought a potion of ambrosia for 96 gold pieces
 45843 | Orc:2    | Bought a potion of cancellation for 120 gold pieces
 45843 | Orc:2    | Bought a potion of ambrosia for 120 gold pieces
 45843 | Orc:2    | Bought a potion of cancellation for 120 gold pieces
 45843 | Orc:2    | Bought a potion of heal wounds for 75 gold pieces
 45843 | Orc:2    | Bought a potion of mutation for 120 gold pieces
 46266 | Shoals:1 | Entered Level 1 of the Shoals
 47828 | Shoals:1 | Found Xaricrot's Jewellery Shop.
 48106 | Shoals:2 | You are sucked into a shaft and drop 1 floor!
 48123 | Shoals:3 | Reached skill level 15 in Conjurations
 48417 | Shoals:3 | Learned a level 4 spell: Dispel Undead
 48420 | Shoals:3 | Found a transporter.
 48421 | Shoals:3 | Found a transporter.
 48436 | Shoals:3 | Found Tecang's Assorted Antiques.
 48506 | Shoals:3 | Reached skill level 1 in Invocations
 50003 | Shoals:3 | Bought a scroll of enchant armour for 345 gold pieces
 50230 | Shoals:3 | Found a transporter.
 50231 | Shoals:3 | Found a transporter.
 50234 | Shoals:3 | Found a transporter.
 50250 | Shoals:3 | Found Veahux's Visitors' Centre.
 50256 | Shoals:3 | Reached XP level 19. HP: 172/172 MP: 32/35
 50320 | Shoals:3 | Found Veahux's Merfolk Weapons.
 50320 | Shoals:3 | Found Veahux's Merfolk Magic.
 50343 | Shoals:3 | Bought a condenser vane for 400 gold pieces
 50372 | Shoals:3 | Found a transporter.
 50698 | Shoals:4 | Entered Level 4 of the Shoals
 50762 | Shoals:4 | Reached skill level 16 in Fighting
 50780 | Shoals:4 | Reached skill level 10 in Dodging
 51414 | Shoals:4 | Reached skill level 5 in Invocations
 51454 | Shoals:4 | HP: 6/172 [merfolk/+0 trident (10)]
 51454 | Shoals:4 | HP: 2/172 [manticore (4)]
 51454 | Shoals:4 | Mangled by a snapping turtle

Illustrated notes

Levels and vault maps discovered:
D:1:      minmay_arrival_doors, layout_basic, chequers_serial_rivers_micro_c
D:2:      layout_loops_ring
D:3:      layout_basic, shapermc_ecumenical_altar_mp_vishouse, serial_shops,
          nicolae_diamond_shop, gammafunk_ghost_gnarly_gnolls
D:4:      layout_cave_pools, bloody_makhleb, mainiacjoe_overflow_alcove_1,
          minmay_temple_entry_nine_rooms, corexii_item_surrounded_by_moat,
          serial_bayou_pond_a
D:5:      layout_basic, minmay_misc_feat_secret_circle, uniq_grinder
D:6:      nicolae_cairo_tiling_large, layout_basic, nzn_wu_jian_contemplation,
          serial_shops, nicolae_shop_trees, serial_curves, eino_curves_02,
          eino_curves_04, minmay_ruffians
D:7:      layout_gridville, nicolae_overflow_hidden_temple
D:8:      layout_basic, serial_shops, nicolae_shop_trees
D:9:      layout_cave_pools, orc_0_dummy, serial_gnoll_camp,
          gnoll_camp_mini_hut, gnoll_camp_mini_sergeant,
          gnoll_camp_mini_loothouse, gnoll_camp_medium_01,
          gnoll_camp_mini_basic, uniq_harold
D:10:     layout_loops_cross, grunt_lair_entry_orc_guard_hut,
          lightli_fourway_metalbox, uniq_lodul
D:11:     layout_roguey, serial_rivers, chequers_serial_rivers_micro_a,
          chequers_serial_rivers_micro_c, chequers_serial_rivers_small_a,
          chequers_serial_rivers_large_b, uniq_grum
D:12:     layout_loops_ring
D:13:     layout_loops_cross, gammafunk_ghost_smash, uniq_sonja
D:14:     minmay_mutant_horseshoe, layout_basic,
          hangedman_vaults_entry_quadrant_bands, gauntlet_entry_generic,
          infiniplex_staircase_river
D:15:     grunt_enter_depths_hoard, layout_long_grid,
          nicolae_figureground_sparkle, st_stairs_9, chequers_jeans
Temple:   mainiacjoe_temple_coin_purse
Lair:1:   gammafunk_worm_tunnel, layout_cave_pods,
          grunt_forest_small_clearing_treed
Lair:2:   beast_lair_carwin_large_1, layout_cave_pods,
          minmay_shoals_entry_beasts, infiniplex_staircase_pool_2,
          grunt_megastairs_2, uniq_gastronok
Lair:3:   layout_cave_pods, minmay_snake_entry_six_corridors
Lair:4:   cheibrodos_lair_overgrown_chateau, layout_cave_pods, worms_lemuel,
          lemuel_fruit_fields, uniq_urug
Lair:5:   layout_hall_layers, nicolae_slime_entry_slimehenge
Lair:6:   evilmike_catoblepas_cave, layout_gridlike, lemuel_fruit_tree,
          grunt_megastairs_5, serial_bayou_shore_a, uniq_nessos
Shoals:1: layout_shoals, serial_shops, shop_fountains,
          nicolae_shoals_kraken_intersection
Shoals:2: layout_shoals, nicolae_shoals_enchanted_isle
Shoals:3: nicolae_shoals_mermall, layout_shoals, serial_shops,
          nicolae_stop_n_shop_2, serial_nicolae_subway,
          nicolae_sub_station_stone, nicolae_sub_station_metal,
          nicolae_sub_station_crystal
Shoals:4: shoals_end_hangedman, layout_shoals, serial_shops, shop, shop_coins
Snake:1:  layout_layer_cave, serial_bayou_pond_e
Snake:2:  layout_layer_cave, basic_altar, nrook_guardian_serpent_double
Snake:3:  layout_rooms, uniq_nikola, uniq_vashnia
Snake:4:  snake_pit, layout_cave_town, serial_shops, statue_bzr,
          nicolae_square_shop, shop, shop_fountains, nicolae_shop_trees,
          corexii_hall_statues_i
Orc:1:    layout_caves, basic_altar, serial_shops, nicolae_shop_behind_doors,
          hangedman_minor_magic, uniq_nergalle
Orc:2:    grunt_orc_community_town_hall, layout_caves,
          grunt_orc_community_big_house_1, grunt_orc_community_big_house_1,
          grunt_orc_community_house_2, grunt_orc_community_house_2,
          grunt_orc_community_house_2, grunt_orc_community_house_2

Skill      XL: |  1  2  3  4  5  6  7  8  9 10 11 12 13 14 15 16 17 18 19 |
---------------+----------------------------------------------------------+-----
Short Blades   | 1 |  1.1
Conjurations   | 1 2 4 6 7 9 11 12 13 14 15 | 15.0
Earth Magic    | 1 2 4 6 7 |  7.0
Spellcasting   | 2 3 4 6 7 8 9 10 12 | 12.6
Air Magic      | 2 5 7 9 11 12 13 14 | 14.1
Shields        | 2 4 6 7 8 9 12 13 | 13.8
Fighting       | 6 8 10 12 14 15 16 | 16.0
Dodging        | 4 6 8 9 10 | 10.3
Staves         | 2 6 |  6.3
Evocations     | 1 4 5 |  5.0
Necromancy     | 5 |  5.9
Invocations    | 3 5 |  5.1
Polearms       | |  0.2
Throwing       | |  0.3
Stealth        | |  1.7

Action                   |  1- 3 |  4- 6 |  7- 9 | 10-12 | 13-15 | 16-18 | 19-21 || total
-------------------------+-------+-------+-------+-------+-------+-------+-------++-------
Melee: Dagger            |    32 |    16 |       |       |       |       |       ||    48
       Spear             |    69 |    50 |   111 |    83 |       |       |       ||   313
       Tailslap          |     4 |     8 |    16 |    15 |    32 |    55 |    14 ||   144
       Punch             |       |     1 |     1 |       |       |       |       ||     2
       Staff             |       |       |       |     6 |   144 |   183 |    38 ||   371
Throw: Dart              |     1 |     8 |       |       |       |       |       ||     9
 Cast: Sandblast         |       |    21 |     6 |     7 |     6 |       |       ||    40
       Stone Arrow       |       |     8 |    77 |   112 |     2 |       |       ||   199
       Conjure Ball Ligh |       |       |       |    46 |   142 |    69 |     9 ||   266
       Airstrike         |       |       |       |       |   257 |   335 |    18 ||   610
       Borgnjor's Vile C |       |       |       |       |    15 |    30 |     3 ||    48
       Orb of Destructio |       |       |       |       |       |    67 |    21 ||    88
 Abil: Breathe Steam     |       |       |    17 |    45 |     7 |     5 |     1 ||    75
Evoke: Wand              |       |       |       |       |     2 |     1 |       ||     3
  Use: Scroll            |     5 |     6 |     2 |     2 |    19 |    16 |       ||    50
       Potion            |       |     1 |     1 |     1 |       |     4 |     3 ||    10
 Stab: Sleeping          |     4 |     1 |       |       |     1 |       |       ||     6
       Invisible         |       |     1 |       |       |       |       |       ||     1
       Distracted        |       |       |       |     1 |     1 |       |       ||     2
Armor: Skin              |    24 |    19 |    49 |    45 |    85 |    56 |    23 ||   301
Dodge: Dodged            |    45 |    39 |    95 |    78 |   219 |   185 |    36 ||   697
Block: Buckler           |       |       |     6 |    47 |   105 |       |       ||   158
       Kite shield       |       |       |       |       |     2 |   330 |    85 ||   417

Table legend: (Time is in decaauts)
 A = Elapsed time spent in this place.
 B = Non-inter-level travel time spent in this place.
 C = Inter-level travel time spent in this place.
 D = Time resting spent in this place.
 E = Time spent auto-exploring this place.
 F = Levels seen in this place.
 G = Mean time per level.
                   A        B        C        D        E       F      G
               +--------+--------+--------+--------+--------+-----+--------+
         Total |  69547 |  64823 |   4724 |   2947 |  53510 |  34 | 2045.5 |
       Dungeon |  26569 |  24231 |   2338 |    334 |  20904 |  15 | 1771.3 |
        Temple |    141 |    129 |     12 |      0 |     88 |   1 |  141.0 |
          Lair |  18178 |  16967 |   1211 |   1852 |  13574 |   6 | 3029.7 |
        Shoals |   6735 |   6648 |     87 |    278 |   5364 |   4 | 1683.8 |
     Snake Pit |  12216 |  11386 |    830 |     64 |   9679 |   4 | 3054.0 |
  Orcish Mines |   4180 |   3936 |    244 |    419 |   2778 |   2 | 2090.0 |
        Bazaar |    705 |    705 |      0 |      0 |    568 |   1 |  705.0 |
      Gauntlet |    820 |    820 |      0 |      0 |    554 |   1 |  820.0 |
               +--------+--------+--------+--------+--------+-----+--------+

Top non-repeatable levels by time:
 Snake:4: 4096 daAuts
  Lair:3: 3459 daAuts
  Lair:5: 3311 daAuts
  Lair:4: 3272 daAuts
  Lair:2: 3253 daAuts
    D:14: 3189 daAuts
 Snake:1: 2972 daAuts
   Orc:2: 2813 daAuts
 Snake:2: 2795 daAuts
     D:9: 2717 daAuts
    D:10: 2467 daAuts
  Lair:1: 2462 daAuts
  Lair:6: 2418 daAuts
 Snake:3: 2351 daAuts
     D:5: 2301 daAuts
